| TOP OF THE 1ST |
|
Brooklyn Cyclones batting - Pitching for Batavia Muckdogs : RHP Mike Shields
|
|
Pitching: RHP Mike Shields
|
|
|
Batting: LHB Matt Baker
|
0-0: Bunt missed! 0-1: Ball 1-1: Foul Ball, location: 2F 1-2: Ball 2-2: Fly out, F8 (Flyball, 78D, EV 103.1 MPH)
|
|
Batting: LHB Elmo Dreier
|
0-0: Ball 1-0: Foul Ball, location: 2F 1-1: Ball 2-1: Foul Ball, location: 2F 2-2: DOUBLE (Line Drive, 9LM, EV 109.4 MPH)
|
|
Batting: RHB Sang-ton Pak
|
0-0: Called Strike 0-1: Ball 1-1: Ball 2-1: Fly out, F7 (Flyball, 7, EV 88.8 MPH)
|
|
Batting: RHB Bill Crogan
|
0-0: Ball 1-0: Foul Ball, location: 2F 1-1: Ball 2-1: Called Strike 2-2: Ball 3-2: Foul Ball, location: 2F 3-2: Strikes out swinging
|
| Top of the 1st over - 0 runs, 1 hit, 0 errors, 1 left on base; Brooklyn 0 - Batavia 0 |
| BOTTOM OF THE 1ST |
|
Batavia Muckdogs batting - Pitching for Brooklyn Cyclones : RHP Mike Richardson
|
|
Pitching: RHP Mike Richardson
|
|
|
Batting: RHB Jeremy Dennis
|
0-0: Ball 1-0: Ball 2-0: Ball 3-0: Called Strike 3-1: Ground out 6-3 (Groundball, P, EV 90.6 MPH)
|
|
Batting: RHB Rick English
|
0-0: Ball 1-0: Called Strike 1-1: SINGLE (Groundball, 34D, EV 99.4 MPH)
|
|
Batting: SHB Justin Corbett
|
0-0: Ball Wild Pitch! Rick English to second 1-0: Foul Ball, location: 2F 1-1: Ground out 4-3 (Groundball, 34, EV 108.8 MPH) Rick English to third
|
|
Batting: RHB Justin Dunham
|
0-0: Called Strike 0-1: SINGLE (Flyball, 34D, EV 97.5 MPH) Rick English scores
|
|
Batting: RHB Tony Ledezma
|
0-0: Ball 1-0: Fly out, F8 (Flyball, 8LS, EV 83.8 MPH)
|
| Bottom of the 1st over - 1 run, 2 hits, 0 errors, 1 left on base; Brooklyn 0 - Batavia 1 |
| TOP OF THE 2ND |
|
Brooklyn Cyclones batting - Pitching for Batavia Muckdogs : RHP Mike Shields
|
|
Batting: RHB Prabhukumar Santhanakrishnan
|
0-0: Ground out U3 (Groundball, 3, EV 103.1 MPH)
|
|
Batting: RHB Rich Cracchiolo
|
0-0: Fly out, F3 (Line Drive, 3, EV 73.8 MPH)
|
|
Batting: RHB Mike Mathews
|
0-0: Ball 1-0: Ball 2-0: Ball 3-0: Called Strike 3-1: Fly out, F9 (Flyball, 89M, EV 79.4 MPH)
|
| Top of the 2nd over - 0 runs, 0 hits, 0 errors, 0 left on base; Brooklyn 0 - Batavia 1 |
| BOTTOM OF THE 2ND |
|
Batavia Muckdogs batting - Pitching for Brooklyn Cyclones : RHP Mike Richardson
|
|
Batting: LHB Danny Treto
|
0-0: Ball 1-0: Foul Ball, location: 2F 1-1: Foul Ball, location: 2F 1-2: Foul Ball, location: 2F 1-2: Ball 2-2: Ground out U3 (Groundball, 23, EV 83.1 MPH)
|
|
Batting: RHB George Boivin
|
0-0: Ball 1-0: Ball 2-0: Ground out U3 (Groundball, 3S, EV 78.8 MPH)
|
|
Batting: RHB Andy Kelly
|
0-0: Ball 1-0: Called Strike 1-1: Ball 2-1: Swinging Strike 2-2: Strikes out swinging
|
| Bottom of the 2nd over - 0 runs, 0 hits, 0 errors, 0 left on base; Brooklyn 0 - Batavia 1 |
| TOP OF THE 3RD |
|
Brooklyn Cyclones batting - Pitching for Batavia Muckdogs : RHP Mike Shields
|
|
Batting: RHB Matt Tittle
|
0-0: Called Strike 0-1: Swinging Strike 0-2: Ball 1-2: Foul Ball, location: 2F 1-2: Ball 2-2: Strikes out swinging
|
|
Batting: SHB Duri Chilemba
|
0-0: Ball 1-0: Fly out, F3 (Popup, 3, EV 68.1 MPH)
|
|
Batting: LHB Matt Baker
|
0-0: Foul Ball, location: 2F 0-1: Ball 1-1: Called Strike 1-2: Ball 2-2: Strikes out swinging
|
| Top of the 3rd over - 0 runs, 0 hits, 0 errors, 0 left on base; Brooklyn 0 - Batavia 1 |
| BOTTOM OF THE 3RD |
|
Batavia Muckdogs batting - Pitching for Brooklyn Cyclones : RHP Mike Richardson
|
|
Batting: RHB Hiromitsu Yamada
|
0-0: Ball 1-0: Foul Ball, location: 2F 1-1: Ball 2-1: Ball 3-1: SINGLE (Groundball, 56D, EV 101.2 MPH)
|
|
Batting: RHB Jeremy Dennis
|
0-0: Foul Ball, location: 2F 0-1: Called Strike Hiromitsu Yamada steals 2nd base 0-2: Ground out 6-3 (Groundball, 6, EV 93.1 MPH)
|
|
Batting: RHB Rick English
|
0-0: Called Strike 0-1: Ball 1-1: Ground out 6-3 (Groundball, 6, EV 105.0 MPH)
|
|
Batting: SHB Justin Corbett
|
0-0: Ball 1-0: Swinging Strike 1-1: Foul Ball, location: 2F 1-2: Foul Ball, location: 2F 1-2: Strikes out looking
|
| Bottom of the 3rd over - 0 runs, 1 hit, 0 errors, 1 left on base; Brooklyn 0 - Batavia 1 |
| TOP OF THE 4TH |
|
Brooklyn Cyclones batting - Pitching for Batavia Muckdogs : RHP Mike Shields
|
|
Batting: LHB Elmo Dreier
|
0-0: Called Strike 0-1: Ball 1-1: Called Strike 1-2: SINGLE (Groundball, 4MD, EV 98.8 MPH)
|
|
Batting: RHB Sang-ton Pak
|
0-0: Called Strike Elmo Dreier steals 2nd base 0-1: Called Strike 0-2: Ball 1-2: Foul Ball, location: 2F 1-2: SINGLE (Groundball, 3D, EV 99.4 MPH) Elmo Dreier to third Runner from 3rd tries for Home, SAFE, throw by RF to home
|
|
Batting: RHB Bill Crogan
|
0-0: Called Strike 0-1: Ball 1-1: Called Strike Sang-ton Pak is caught stealing 2nd base 2-4 1-2: Ball 2-2: Ball 3-2: Foul Ball, location: 2F 3-2: Foul Ball, location: 2F 3-2: Strikes out swinging
|
|
Batting: RHB Prabhukumar Santhanakrishnan
|
0-0: Ball 1-0: Ball 2-0: Ground out 5-3 (Groundball, 56S, EV 80.6 MPH)
|
| Top of the 4th over - 1 run, 2 hits, 0 errors, 0 left on base; Brooklyn 1 - Batavia 1 |
| BOTTOM OF THE 4TH |
|
Batavia Muckdogs batting - Pitching for Brooklyn Cyclones : RHP Mike Richardson
|
|
Batting: RHB Justin Dunham
|
0-0: Called Strike 0-1: Ball 1-1: Ball 2-1: SOLO HOME RUN (Flyball, 7D, EV 93.8 MPH), Distance : 353 ft
|
|
Batting: RHB Tony Ledezma
|
0-0: Foul Ball, location: 2F 0-1: Foul Ball, location: 2F 0-2: Ball 1-2: Ground out U3 (Groundball, 34S, EV 85.0 MPH)
|
|
Batting: LHB Danny Treto
|
0-0: Called Strike 0-1: Foul Ball, location: 2F 0-2: Fly out, F8 (Flyball, 89M, EV 86.2 MPH)
|
|
Batting: RHB George Boivin
|
0-0: Called Strike 0-1: Called Strike 0-2: SINGLE (Line Drive, 9S, EV 100.0 MPH)
|
|
Batting: RHB Andy Kelly
|
0-0: Foul Ball, location: 2F 0-1: Called Strike 0-2: Foul Ball, location: 2F 0-2: Foul Ball, location: 2F 0-2: Fly out, F7 (Flyball, 7, EV 93.1 MPH)
|
| Bottom of the 4th over - 1 run, 2 hits, 0 errors, 1 left on base; Brooklyn 1 - Batavia 2 |
| TOP OF THE 5TH |
|
Brooklyn Cyclones batting - Pitching for Batavia Muckdogs : RHP Mike Shields
|
|
Batting: RHB Rich Cracchiolo
|
0-0: Ball 1-0: Ball 2-0: Ground out 6-3 (Groundball, 6, EV 88.8 MPH)
|
|
Batting: RHB Mike Mathews
|
0-0: Ball 1-0: Ball 2-0: Foul Ball, location: 2F 2-1: Ball 3-1: Called Strike 3-2: Foul Ball, location: 2F 3-2: Strikes out swinging
|
|
Batting: RHB Matt Tittle
|
0-0: Ball 1-0: Ball 2-0: Called Strike 2-1: Ground out 6-3 (Groundball, 6, EV 92.5 MPH)
|
| Top of the 5th over - 0 runs, 0 hits, 0 errors, 0 left on base; Brooklyn 1 - Batavia 2 |
| BOTTOM OF THE 5TH |
|
Batavia Muckdogs batting - Pitching for Brooklyn Cyclones : RHP Mike Richardson
|
|
Batting: RHB Hiromitsu Yamada
|
0-0: Called Strike 0-1: Ball 1-1: Ball 2-1: Foul Ball, location: 2F 2-2: Strikes out looking
|
|
Batting: RHB Jeremy Dennis
|
0-0: Ball 1-0: Ball 2-0: Foul Ball, location: 2F 2-1: Called Strike 2-2: Reached on error, E5 (Groundball, 56S, EV 80.6 MPH)
|
|
Batting: RHB Rick English
|
0-0: Ball 1-0: Called Strike 1-1: Foul Ball, location: 2F 1-2: Ball 2-2: Ground out U3 (Groundball, 3, EV 80.0 MPH) Jeremy Dennis to third
|
|
Batting: SHB Justin Corbett
|
0-0: Called Strike 0-1: Ball 1-1: Ball 2-1: Ball 3-1: Base on Balls
|
|
Batting: RHB Justin Dunham
|
0-0: Ball 1-0: Fly out, F8 (Flyball, 8RD, EV 93.1 MPH)
|
| Bottom of the 5th over - 0 runs, 0 hits, 1 error, 2 left on base; Brooklyn 1 - Batavia 2 |
| TOP OF THE 6TH |
|
Brooklyn Cyclones batting - Pitching for Batavia Muckdogs : RHP Mike Shields
|
|
Batting: SHB Duri Chilemba
|
0-0: Foul Ball, location: 2F 0-1: Foul Ball, location: 2F 0-2: Strikes out swinging
|
|
Batting: LHB Matt Baker
|
0-0: Ball 1-0: Swinging Strike 1-1: Foul Ball, location: 2F 1-2: Ball 2-2: Fly out, F8 (Line Drive, 8LM, EV 90.0 MPH)
|
|
Batting: LHB Elmo Dreier
|
0-0: Ball 1-0: Ball 2-0: Ground out 4-3 (Groundball, 4, EV 85.0 MPH)
|
| Top of the 6th over - 0 runs, 0 hits, 0 errors, 0 left on base; Brooklyn 1 - Batavia 2 |
| BOTTOM OF THE 6TH |
|
Batavia Muckdogs batting - Pitching for Brooklyn Cyclones : RHP Mike Richardson
|
|
Batting: RHB Tony Ledezma
|
0-0: Called Strike 0-1: Hit by Pitch
|
|
Batting: LHB Danny Treto
|
0-0: Foul Ball, location: 2F 0-1: Ball 1-1: Ball 2-1: Fielders Choice at 2nd, 4-6 (Groundball, 34, EV 108.1 MPH)
|
|
Batting: RHB George Boivin
|
0-0: Swinging Strike 0-1: Ball 1-1: Ball 2-1: Ball 3-1: Foul Ball, location: 2F 3-2: Base on Balls Danny Treto to second
|
|
Batting: RHB Andy Kelly
|
0-0: Ball 1-0: Foul Ball, location: 2F 1-1: Swinging Strike 1-2: Fly out, F8 (Line Drive, 8LM, EV 101.9 MPH)
|
|
Batting: RHB Hiromitsu Yamada
|
0-0: Foul Ball, location: 2F 0-1: Foul Ball, location: 2F 0-2: Ball 1-2: Strikes out swinging
|
| Bottom of the 6th over - 0 runs, 0 hits, 0 errors, 2 left on base; Brooklyn 1 - Batavia 2 |
| TOP OF THE 7TH |
|
Brooklyn Cyclones batting - Pitching for Batavia Muckdogs : RHP Mike Shields
|
|
Batting: RHB Sang-ton Pak
|
0-0: Ball 1-0: Foul Ball, location: 2F 1-1: SINGLE (Line Drive, 8RS, EV 87.5 MPH)
|
|
Batting: RHB Bill Crogan
|
0-0: Ball Sang-ton Pak is caught stealing 2nd base 2-4 1-0: Foul Ball, location: 2F 1-1: Foul Ball, location: 2F 1-2: Foul Ball, location: 2F 1-2: SINGLE (Flyball, 3D, EV 95.6 MPH)
|
|
Batting: RHB Prabhukumar Santhanakrishnan
|
0-0: Ball 1-0: Called Strike 1-1: Foul Ball, location: 2F 1-2: Foul Ball, location: 2F 1-2: Fly out, F9 (Flyball, 9, EV 97.5 MPH)
|
|
Pitching: LHP Brian Worthy
|
|
|
Batting: RHB Rich Cracchiolo
|
0-0: Ball 1-0: Ball 2-0: Foul Ball, location: 2F 2-1: Fielders Choice at 2nd, 6-4 (Groundball, 6, EV 91.9 MPH)
|
| Top of the 7th over - 0 runs, 2 hits, 0 errors, 1 left on base; Brooklyn 1 - Batavia 2 |
| BOTTOM OF THE 7TH |
|
Batavia Muckdogs batting - Pitching for Brooklyn Cyclones : RHP Mike Richardson
|
|
Pitching: RHP Jason Horvath
|
|
|
Batting: RHB Jeremy Dennis
|
0-0: Ground out 6-3 (Groundball, 56D, EV 84.4 MPH)
|
|
Batting: RHB Rick English
|
0-0: Foul Ball, location: 2F 0-1: Foul Ball, location: 2F 0-2: Ball 1-2: Ball 2-2: Foul Ball, location: 2F 2-2: Strikes out swinging
|
|
Batting: SHB Justin Corbett
|
0-0: Foul Ball, location: 2F 0-1: Ground out 1-3 (Groundball, 15S, EV 72.5 MPH)
|
| Bottom of the 7th over - 0 runs, 0 hits, 0 errors, 0 left on base; Brooklyn 1 - Batavia 2 |
| TOP OF THE 8TH |
|
Brooklyn Cyclones batting - Pitching for Batavia Muckdogs : LHP Brian Worthy
|
|
Batting: RHB Mike Mathews
|
0-0: Ball 1-0: Fly out, F9 (Flyball, 9S, EV 78.1 MPH)
|
|
Batting: RHB Matt Tittle
|
0-0: Ball 1-0: Swinging Strike 1-1: Called Strike 1-2: Strikes out swinging
|
|
Pinch Hitting: RHB Victor Reyes
|
0-0: Ball 1-0: SINGLE (Groundball, 56, EV 103.1 MPH)
|
|
Pinch Hitting: SHB Salvador Gomez
|
0-0: Ball 1-0: Swinging Strike 1-1: Called Strike 1-2: Foul Ball, location: 2F 1-2: Ball 2-2: Ground out 4-3 (Groundball, 34, EV 81.2 MPH)
|
| Top of the 8th over - 0 runs, 1 hit, 0 errors, 1 left on base; Brooklyn 1 - Batavia 2 |
| BOTTOM OF THE 8TH |
|
Batavia Muckdogs batting - Pitching for Brooklyn Cyclones : RHP Jason Horvath
|
|
Now at 3B: Salvador Gomez
|
|
|
Now in LF: Tom Primmer
|
|
|
Batting: RHB Justin Dunham
|
0-0: Foul Ball, location: 2F 0-1: Fly out, F7 (Flyball, 7D, EV 98.1 MPH)
|
|
Batting: RHB Tony Ledezma
|
0-0: Called Strike 0-1: Foul Ball, location: 2F 0-2: Hit by Pitch
|
|
Batting: LHB Danny Treto
|
0-0: Foul Ball, location: 2F 0-1: Ball 1-1: Called Strike 1-2: Ball 2-2: Ball 3-2: Base on Balls Tony Ledezma to second
|
|
Batting: RHB George Boivin
|
0-0: Ball 1-0: Ball 2-0: Foul Ball, location: 2F 2-1: Swinging Strike 2-2: Foul Ball, location: 2F 2-2: Strikes out swinging
|
|
Batting: RHB Andy Kelly
|
0-0: Ball 1-0: Ball 2-0: Called Strike 2-1: Foul Ball, location: 2F 2-2: Foul Ball, location: 2F 2-2: Ground out 4-3 (Groundball, 4, EV 110.6 MPH)
|
| Bottom of the 8th over - 0 runs, 0 hits, 0 errors, 2 left on base; Brooklyn 1 - Batavia 2 |
| TOP OF THE 9TH |
|
Brooklyn Cyclones batting - Pitching for Batavia Muckdogs : LHP Brian Worthy
|
|
Pitching: RHP James Cornette
|
|
|
Now in CF: Calvin Morin
|
|
|
Now in RF: Danny Treto
|
|
|
Batting: LHB Elmo Dreier
|
0-0: Ball 1-0: Called Strike 1-1: Ball 2-1: Foul Ball, location: 2F 2-2: TRIPLE (Line Drive, 89XD, EV 105.0 MPH)
|
|
Batting: RHB Sang-ton Pak
|
0-0: Called Strike 0-1: Foul Ball, location: 2F 0-2: Strikes out swinging
|
|
Batting: RHB Bill Crogan
|
0-0: Ball 1-0: Ball 2-0: Foul Ball, location: 2F 2-1: Ground out 5-3 (Groundball, 56S, EV 65.6 MPH)
|
|
Batting: RHB Prabhukumar Santhanakrishnan
|
0-0: DOUBLE (Flyball, 89D, EV 112.5 MPH) Elmo Dreier scores
|
|
Batting: RHB Rich Cracchiolo
|
0-0: Called Strike 0-1: Ball 1-1: Foul Ball, location: 2F 1-2: Strikes out looking
|
| Top of the 9th over - 1 run, 2 hits, 0 errors, 1 left on base; Brooklyn 2 - Batavia 2 |
| BOTTOM OF THE 9TH |
|
Batavia Muckdogs batting - Pitching for Brooklyn Cyclones : RHP Jason Horvath
|
|
Batting: RHB Hiromitsu Yamada
|
0-0: Ball 1-0: Called Strike 1-1: Ball 2-1: Foul Ball, location: 2F 2-2: Ball 3-2: Strikes out swinging
|
|
Pinch Hitting: RHB Jim Fisher
|
0-0: Ball 1-0: Ball 2-0: Ground out 5-3 (Groundball, 15, EV 92.5 MPH)
|
|
Batting: RHB Rick English
|
0-0: Ball 1-0: Ball 2-0: Ball 3-0: Called Strike 3-1: Foul Ball, location: 2F 3-2: Foul Ball, location: 2F 3-2: Strikes out looking
|
| Bottom of the 9th over - 0 runs, 0 hits, 0 errors, 0 left on base; Brooklyn 2 - Batavia 2 |
| TOP OF THE 10TH |
|
Brooklyn Cyclones batting - Pitching for Batavia Muckdogs : RHP James Cornette
|
|
Now at 1B: Jason Thrash
|
|
|
Now at 2B: Justin Dunham
|
|
|
Batting: RHB Mike Mathews
|
0-0: Ball 1-0: Foul Ball, location: 2F 1-1: Ball 2-1: Ball 3-1: Foul Ball, location: 2F 3-2: Ground out 6-3 (Groundball, 6, EV 93.8 MPH)
|
|
Batting: RHB Matt Tittle
|
0-0: Foul Ball, location: 2F 0-1: Swinging Strike 0-2: Ball 1-2: Ball 2-2: Strikes out looking
|
|
Pinch Hitting: SHB Callum Lynch
|
0-0: Ball 1-0: Fly out, F7 (Flyball, 78D, EV 100.6 MPH)
|
| Top of the 10th over - 0 runs, 0 hits, 0 errors, 0 left on base; Brooklyn 2 - Batavia 2 |
| BOTTOM OF THE 10TH |
|
Batavia Muckdogs batting - Pitching for Brooklyn Cyclones : RHP Jason Horvath
|
|
Pitching: LHP Joe Edwards
|
|
|
Now in LF: Callum Lynch
|
|
|
Batting: SHB Justin Corbett
|
0-0: Ball 1-0: Swinging Strike 1-1: Called Strike 1-2: Ball 2-2: Strikes out looking
|
|
Batting: RHB Justin Dunham
|
0-0: Called Strike 0-1: Fly out, F8 (Line Drive, 8LD, EV 88.1 MPH)
|
|
Batting: RHB Tony Ledezma
|
0-0: Ground out 3-1 (Groundball, 34S, EV 84.4 MPH)
|
| Bottom of the 10th over - 0 runs, 0 hits, 0 errors, 0 left on base; Brooklyn 2 - Batavia 2 |
| TOP OF THE 11TH |
|
Brooklyn Cyclones batting - Pitching for Batavia Muckdogs : RHP James Cornette
|
|
Batting: SHB Salvador Gomez
|
0-0: Called Strike 0-1: Ball 1-1: Ground out U3 (Groundball, 3, EV 106.9 MPH)
|
|
Batting: LHB Elmo Dreier
|
0-0: Ground out 4-3 (Groundball, 4S, EV 86.2 MPH)
|
|
Batting: RHB Sang-ton Pak
|
0-0: Swinging Strike 0-1: Ball 1-1: Foul Ball, location: 2F 1-2: Foul Ball, location: 2F 1-2: Strikes out looking
|
| Top of the 11th over - 0 runs, 0 hits, 0 errors, 0 left on base; Brooklyn 2 - Batavia 2 |
| BOTTOM OF THE 11TH |
|
Batavia Muckdogs batting - Pitching for Brooklyn Cyclones : LHP Joe Edwards
|
|
Batting: LHB Danny Treto
|
0-0: Ground out 1-3 (Groundball, P, EV 76.9 MPH)
|
|
Batting: RHB Calvin Morin
|
0-0: Swinging Strike 0-1: Ball 1-1: Called Strike 1-2: Strikes out swinging
|
|
Batting: RHB Andy Kelly
|
0-0: Ball 1-0: Foul Ball, location: 2F 1-1: DOUBLE (Line Drive, 89M, EV 106.2 MPH)
|
|
Batting: RHB Hiromitsu Yamada
|
0-0: Ball 1-0: Swinging Strike 1-1: Foul Ball, location: 2F 1-2: Ball 2-2: Foul Ball, location: 2F 2-2: Strikes out swinging
|
| Bottom of the 11th over - 0 runs, 1 hit, 0 errors, 1 left on base; Brooklyn 2 - Batavia 2 |
| TOP OF THE 12TH |
|
Brooklyn Cyclones batting - Pitching for Batavia Muckdogs : RHP James Cornette
|
|
Pitching: RHP Matt Slater
|
|
|
Batting: RHB Bill Crogan
|
0-0: Ground out 6-3 (Groundball, 6, EV 81.9 MPH)
|
|
Batting: RHB Prabhukumar Santhanakrishnan
|
0-0: Swinging Strike 0-1: Fly out, F3 (Line Drive, 3, EV 61.9 MPH)
|
|
Batting: RHB Rich Cracchiolo
|
0-0: Foul Ball, location: 2F 0-1: Foul Ball, location: 2F 0-2: Ball 1-2: Strikes out swinging
|
| Top of the 12th over - 0 runs, 0 hits, 0 errors, 0 left on base; Brooklyn 2 - Batavia 2 |
| BOTTOM OF THE 12TH |
|
Batavia Muckdogs batting - Pitching for Brooklyn Cyclones : LHP Joe Edwards
|
|
Batting: RHB Jason Thrash
|
0-0: Foul Ball, location: 2F 0-1: Ball 1-1: Ground out 5-3 (Groundball, 56S, EV 84.4 MPH)
|
|
Batting: RHB Rick English
|
0-0: Ball 1-0: Ball 2-0: Called Strike 2-1: Ball 3-1: Base on Balls
|
|
Batting: SHB Justin Corbett
|
0-0: Called Strike 0-1: Ball 1-1: Foul Ball, location: 2F 1-2: Strikes out swinging
|
|
Pitching: RHP Ari Kuusinen
|
|
|
Batting: RHB Justin Dunham
|
0-0: Ball Wild Pitch! Rick English to second 1-0: Foul Ball, location: 2F 1-1: Ground out 5-3 (Groundball, 56S, EV 87.5 MPH)
|
| Bottom of the 12th over - 0 runs, 0 hits, 0 errors, 1 left on base; Brooklyn 2 - Batavia 2 |
| TOP OF THE 13TH |
|
Brooklyn Cyclones batting - Pitching for Batavia Muckdogs : RHP Matt Slater
|
|
Batting: RHB Mike Mathews
|
0-0: Fly out, F8 (Flyball, 8LD, EV 88.1 MPH)
|
|
Batting: RHB Matt Tittle
|
0-0: Called Strike 0-1: Ball 1-1: Ball 2-1: Foul Ball, location: 2F 2-2: Ground out 6-3 (Groundball, 56, EV 90.6 MPH)
|
|
Batting: SHB Callum Lynch
|
0-0: Ball 1-0: SINGLE (Line Drive, 8LS, EV 92.5 MPH)
|
|
Batting: SHB Salvador Gomez
|
0-0: Ball Callum Lynch steals 2nd base 1-0: Ball 2-0: Ball 3-0: Called Strike 3-1: Base on Balls
|
|
Batting: LHB Elmo Dreier
|
0-0: Called Strike 0-1: Ball 1-1: Ball 2-1: Called Strike 2-2: Foul Ball, location: 2F 2-2: Strikes out looking
|
| Top of the 13th over - 0 runs, 1 hit, 0 errors, 2 left on base; Brooklyn 2 - Batavia 2 |
| BOTTOM OF THE 13TH |
|
Batavia Muckdogs batting - Pitching for Brooklyn Cyclones : RHP Ari Kuusinen
|
|
Batting: RHB Tony Ledezma
|
0-0: Called Strike 0-1: Ball 1-1: Ball 2-1: SINGLE (Groundball, 4MD, EV 103.1 MPH)
|
|
Batting: LHB Danny Treto
|
0-0: Ball 1-0: Ball 2-0: Sac Bunt to 13S - play at first, batter OUT! 1-3 Tony Ledezma to second
|
|
Batting: RHB Calvin Morin
|
0-0: Ball 1-0: Called Strike 1-1: 2-RUN HOME RUN (Line Drive, 7LD, EV 98.1 MPH), Distance : 359 ft
|
| Bottom of the 13th over - 2 runs, 2 hits, 0 errors, 0 left on base; Brooklyn 2 - Batavia 4 |
|